 Dungeon Crawl Stone Soup version 0.26-a0-1040-gbe3abf3417 (webtiles) character file.

Game seed: 13815194299250397765

21778 dickylongcocking the Covert (level 12, -6/145 HPs)
             Began as a Vine Stalker Brigand on Dec 12, 2020.
             Was a High Priest of Dithmenos.
             Mangled by a sun demon (12 damage)
             ... summoned by an orc high priest
             ... on level 2 of the Orcish Mines.
             The game lasted 00:18:13 (13003 turns).

dickylongcocking the Covert (Vine Stalker Brigand) Turns: 13003, Time: 00:18:13

Health: -6/145     AC: 26    Str: 17    XL:     12   Next: 93%
Magic:  0/17       EV:  2    Int: 21    God:    Dithmenos [*****.]
Gold:   1030       SH: 12    Dex: 18    Spells: 11/11 levels left

rFire    + . .     SeeInvis .   R - +9 dagger of Pain and Death {freeze, Int+4 Stlth+}
rCold    + . .     Faith    .   H - +1 kite shield
rNeg     + + +     Spirit   +   (armour currently unavailable)
rPois    +         Reflect  .   (helmet currently unavailable)
rElec    +         Harm     .   (cloak currently unavailable)
rCorr    +         Rampage  .   (gloves currently unavailable)
Will     .....     NoTele   +   (boots currently unavailable)
Stlth    ..........             W - amulet of the acrobat
HPRegen  1.14/turn              V - ring of positive energy
MPRegen  0.15/turn              U - +6 ring of intelligence

@: mighty, berserking, tree-form, resistant, weak-willed, hasted, wreathed by
umbra, very quick
A: regeneration 2, magic shield, no potion heal 3, rot immunity
a: Shadow Step, Shadow Form, Renounce Religion


You were on level 2 of the Orcish Mines.
You worshipped Dithmenos.
Dithmenos was extremely pleased with you.
You were a tree.
You visited 3 branches of the dungeon, and saw 14 of its levels.
You also visited: Sewer and Ossuary.

You collected 1088 gold pieces.
You spent 58 gold pieces at shops.

Inventory:

Hand Weapons
 a - a +2 dagger
 f - a +1 dagger of venom
 J - a +1 dagger of venom
 N - a +2 dagger of draining
 O - a +3 dagger of flaming
 R - the +9 dagger of Pain and Death (weapon) {freeze, Int+4 Stlth+}
   (You took it off an orc warrior on level 11 of the Dungeon)

   It has been specially enchanted to freeze those struck by it, causing extra
   injury to most foes and up to half again as much damage against particularly
   susceptible opponents.
   It can also slow down cold-blooded creatures.
   It affects your intelligence (+4).
   It makes you more stealthy.
Missiles
 d - 75 poisoned darts (quivered)
 e - 2 curare-tipped darts
 j - 5 atropa-tipped darts
Armour
 b - a +0 robe
 h - a +0 ring mail
 u - a +2 cloak (melded)
 E - a +0 chain mail of willpower
 H - a +1 kite shield (worn)
 I - a +0 helmet
 K - a +0 pair of gloves (melded)
 S - a +2 leather armour of cold resistance (melded)
 X - the +2 helmet of Wotafuep (melded) {Int+5}
   (You found it on level 11 of the Dungeon)

   It affects your intelligence (+5).
Jewellery
 g - a -4 ring of evasion
 U - a +6 ring of intelligence (right branch)
 V - a ring of positive energy (left branch)
 W - an amulet of the acrobat (around neck)
Wands
 y - a wand of flame (21)
 B - a wand of polymorph (12)
 L - a wand of random effects (14)
 M - a wand of iceblast (1)
 P - a wand of disintegration (7)
Scrolls
 i - 3 scrolls of immolation
 k - 9 scrolls of teleportation
 l - 7 scrolls of remove curse
 o - 2 scrolls of fog
 p - 2 scrolls of magic mapping
 q - 5 scrolls of blinking
 r - a scroll of noise
 s - 3 scrolls of enchant armour
 G - a scroll of enchant weapon
 Q - a scroll of brand weapon
Potions
 c - 5 potions of brilliance
 m - 2 potions of berserk rage
 t - 3 potions of haste
 v - 2 potions of mutation
 w - 2 potions of lignification
 x - 4 potions of attraction
 A - 4 potions of curing
 C - a potion of degeneration
 D - 8 potions of flight


   Skills:
 * Level 8.2 Fighting
 - Level 10.4 Short Blades
 - Level 1.7 Throwing
 * Level 6.0 Armour
 - Level 0.7 Dodging
 + Level 12.8 Stealth
 * Level 8.0 Shields
 * Level 5.8 Invocations


You had 11 spell levels left.
You didn't know any spells.
Your spell library was empty.

Dungeon Overview and Level Annotations

Branches:
Dungeon (11/15)            Temple (1/1) D:4            Lair (0/6) D:8
    Orc (2/2) D:10            Elf (0/3) Orc:2         Sewer (visited)
Ossuary (visited)

Altars:
Ashenzari
Cheibriados
Dithmenos
Elyvilon
Fedhas
Gozag
Hepliaklqana
Kikubaaqudgha
Makhleb
Nemelex Xobeh
Okawaru
Qazlal
Ru
Sif Muna
Trog
Uskayaw
Vehumet
Wu Jian
Xom
Yredelemnul
Zin
The Shining One

Shops:
D:6 [   D:11 [

Annotations:
D:5 2 transporters
D:6 3 runed translucent doors, Demosthentine's ghost, novice FoFi
D:8 2 transporters, lordvenom1's ghost, novice TeFE
D:11 2 runed translucent doors
Orc:2 2 runed translucent doors


Innate Abilities, Weirdness & Mutations

((You have razor-sharp teeth.))
You heal very quickly.
When hurt, damage is shared between your health and your magic reserves.
((Your bite disrupts and absorbs the magic of your enemies.))
Potions cannot restore your health.
You are immune to rotting.


Message History

You kill the orc knight!
Dithmenos accepts your kill.
The ice devil is lost in a daze.
Your life force feels restored.
Your Armour skill increases to level 6!
Your Shields skill increases to level 8!
Evoke which item? (* to show all) (? for menu, Esc to quit)
You don't have any such object.
Evoke which item? (* to show all) (? for menu, Esc to quit)
Okay, then.
Unknown command.
Unknown command.
Okay, then.
Okay, then.
A red film seems to cover your vision as you go berserk!
You feel yourself moving faster!
You feel mighty!
The hellwing swoops through the air toward you!
The hellwing hits you but does no damage.
You block the hellwing's attack. The sun demon hits you!
You die...

..#[[..#....# ##......##
..)#..##....# #.÷......#
...####...[.# #........#
....##......###÷..§....#
...###[.[...##.........#
......)..[..##.§§§.....#
......[.#....##§§o[...#
.......###.).####o4..#
........##..[)##♣4§..#
.......####....43o§###
......##.###.[[.§.##
..........###...###
........... #####
............
....#.......
............
......#.....


You could see an orc knight, 2 orc high priests, a sun demon (summoned), 2
hellwings and an ice devil (summoned, dazed, weak-willed).

Vanquished Creatures
  A stone giant (Orc:2)
  A death knight (D:11)
  An orc high priest (Orc:2)
  Pikel (D:5)
  3 orc knights (Orc:2)
  A deep elf mage (D:11)
  A cyclops (D:11)
  2 ugly things (D:11)
  4 orc sorcerers (Orc:2)
  Joseph (D:7)
  3 trolls
  Grinder (D:4)
  Sigmund (D:5)
  A vampire (D:11)
  16 yaks
  4 wyverns
  3 basilisks
  Grum (D:8)
  Edmund (D:4)
  2 wargs (Orc:2)
  Menkaure (D:5)
  A soldier ant (D:11)
  An acid dragon (D:11)
  5 water moccasins
  Duvessa (D:6)
  18 orc warriors
  A black bear (D:9)
  8 ogres
  An eye of draining (D:9)
  A sky beast (D:10)
  2 ice beasts
  A phantom (D:11)
  A necrophage (D:11)
  A boggart (D:11)
  3 centaurs
  2 lemures
  2 wolves (D:8)
  5 big kobolds
  Blork the orc (D:4)
  5 bullfrogs
  A gnoll sergeant (D:9)
  Dowan (D:6)
  5 water moccasin zombies (Ossuary)
  7 scorpions
  4 wights (D:10)
  22 killer bees
  4 electric eels (D:10)
  6 howler monkeys
  A quasit (D:11)
  Crazy Yiuf (D:3)
  A bullfrog skeleton (D:5)
  4 hounds
  3 centaur skeletons (D:11)
  19 orc priests
  2 jellies
  14 orc wizards
  4 iguanas
  Ijyb (D:5)
  11 worker ants
  3 big kobold zombies (Ossuary)
  A hound zombie (D:9)
  3 mummies
  A howler monkey zombie (D:11)
  A worker ant zombie (D:7)
  5 gnolls (D:9)
  14 adders
  A river rat (Sewer)
  A shadow imp (D:5)
  4 white imps
  2 ufetubi
  3 oozes
  7 adder zombies (Ossuary)
  An adder skeleton (D:5)
  3 worms
  5 dart slugs
  11 leopard geckos
  84 orcs
  8 bats
  7 giant cockroaches
  3 gnoll zombies (Ossuary)
  7 goblins
  7 hobgoblins
  14 jackals
  5 quokkas
  2 ball pythons
  8 frilled lizards
  3 hobgoblin zombies (Ossuary)
  A jackal skeleton (D:6)
  30 kobolds
  3 kobold zombies (Ossuary)
  A leopard gecko skeleton (D:4)
  An orc zombie (Ossuary)
  4 rats
  A spectral orc (D:4)
476 creatures vanquished.

Vanquished Creatures (others)
  A howler monkey (D:11)
  2 orc wizards
  3 fungi (D:8)
  22 plants
28 creatures vanquished.

Grand Total: 504 creatures vanquished

Notes
Turn   | Place    | Note
-------+----------+-------------------------------------------
     0 | D:1      | dickylongcocking the Vine Stalker Brigand began the quest
                  | for the Orb.
     0 | D:1      | Reached XP level 1. HP: 11/11 MP: 2/2
    16 | D:1      | Reached skill level 5 in Stealth
    90 | D:1      | Reached XP level 2. HP: 14/15 MP: 3/3
   591 | D:1      | Reached XP level 3. HP: 13/18 MP: 2/4
  1512 | D:2      | Gained mutation: Your natural rate of healing is unusually
                  | fast. [Vine Stalker growth]
  1512 | D:2      | Reached XP level 4. HP: 13/23 MP: 3/5
  2135 | D:3      | Reached skill level 6 in Stealth
  2135 | D:3      | Reached XP level 5. HP: 22/26 MP: 4/6
  2296 | D:3      | Found a runed translucent door.
  2297 | D:3      | Noticed Crazy Yiuf
  2385 | D:3      | Found a faded altar of an unknown god.
  2784 | D:3      | Killed Crazy Yiuf
  2856 | D:4      | Reached XP level 6. HP: 12/30 MP: 2/7
  3002 | D:4      | Noticed Blork the orc
  3036 | D:4      | Killed Blork the orc
  3037 | D:4      | Reached skill level 5 in Short Blades
  3041 | D:4      | Reached skill level 7 in Stealth
  3120 | D:4      | Found a sparkling altar of Nemelex Xobeh.
  3159 | D:4      | Noticed Grinder
  3178 | D:4      | Killed Grinder
  3179 | D:4      | Reached XP level 7. HP: 15/34 MP: 3/8
  3258 | D:4      | Found a sand-covered staircase.
  3264 | Ossuary  | Entered an ossuary
  3347 | Ossuary  | Reached skill level 8 in Stealth
  3586 | Ossuary  | Gained mutation: You have razor-sharp teeth. [Vine Stalker
                  | growth]
  3586 | Ossuary  | Reached XP level 8. HP: 31/38 MP: 7/9
  3952 | D:4      | Found a staircase to the Ecumenical Temple.
  3961 | Temple   | Entered the Ecumenical Temple
  3983 | Temple   | Became a worshipper of Dithmenos the Shadowed
  4068 | D:4      | Found a basalt altar of Yredelemnul.
  4139 | D:4      | Noticed Edmund
  4177 | D:4      | Killed Edmund
  4299 | D:5      | Entered Level 5 of the Dungeon
  4302 | D:5      | Noticed Pikel
  4302 | D:5      | Noticed Menkaure
  4401 | D:5      | Noticed Ijyb
  4420 | D:5      | Killed Ijyb
  4457 | D:5      | Killed Pikel
  4458 | D:5      | Reached skill level 9 in Stealth
  4541 | D:5      | Found a shimmering blue altar of Sif Muna.
  4613 | D:5      | Killed Menkaure
  4669 | D:5      | Found a transporter.
  4712 | D:5      | Found a glowing drain.
  4724 | Sewer    | Entered a sewer
  4811 | Sewer    | Reached XP level 9. HP: 38/42 MP: 7/10
  4895 | Sewer    | Found a white marble altar of Elyvilon.
  4958 | D:5      | Noticed Sigmund
  4967 | D:5      | Reached * piety under Dithmenos
  4987 | D:5      | Killed Sigmund
  4988 | D:5      | Reached skill level 10 in Stealth
  5209 | D:5      | Identified the +9 trident of Termination {vamp, Int+4 Dex+3
                  | SInv}
  5209 | D:5      | Identified the +5 scale mail of the Devil's Advocate {*Slow
                  | rF+ Int+5}
  5247 | D:5      | Found a transporter.
  5381 | D:6      | Noticed Duvessa
  5384 | D:6      | Noticed Dowan
  5403 | D:6      | Killed Duvessa
  5415 | D:6      | Killed Dowan
  5476 | D:6      | Found a bloodstained altar of Trog.
  5581 | D:6      | Found a runed translucent gate.
  5582 | D:6      | Found a runed translucent gate.
  5583 | D:6      | Found a runed translucent gate.
  5589 | D:6      | Noticed Demosthentine's ghost (novice FoFi)
  5632 | D:6      | Found a snail-covered altar of Cheibriados.
  5643 | D:6      | Found Zimekkud's Armour Boutique.
  5649 | D:6      | Bought a +0 kite shield for 58 gold pieces
  6147 | D:7      | Reached ** piety under Dithmenos
  6263 | D:7      | Reached skill level 1 in Shields
  6322 | D:7      | Noticed Joseph
  6362 | D:7      | Killed Joseph
  6363 | D:7      | Reached XP level 10. HP: 43/49 MP: 11/11
  6640 | D:7      | Reached skill level 10 in Short Blades
  6777 | D:7      | Reached skill level 11 in Stealth
  6961 | D:8      | Noticed Grum
  7046 | D:8      | Killed Grum
  7134 | D:8      | Found a transporter.
  7197 | D:7      | Reached *** piety under Dithmenos
  7396 | D:8      | Reached skill level 1 in Armour
  7409 | D:8      | Found a staircase to the Lair.
  7448 | D:8      | Reached skill level 5 in Fighting
  7513 | D:8      | Found a transporter.
  7745 | D:8      | Noticed lordvenom1's ghost (novice TeFE)
  7931 | D:8      | Noticed a moth of wrath
  8163 | D:9      | Found a glowing golden altar of the Shining One.
  8204 | D:9      | Reached skill level 5 in Shields
  8204 | D:9      | Reached XP level 11. HP: 56/56 MP: 12/12
  8370 | D:9      | Reached **** piety under Dithmenos
  8539 | D:9      | Found a hazy altar of Hepliaklqana.
  8834 | D:10     | Entered Level 10 of the Dungeon
  9324 | D:10     | Reached skill level 1 in Invocations
  9617 | D:10     | Reached ***** piety under Dithmenos
  9622 | D:10     | Reached skill level 12 in Stealth
  9866 | D:10     | Found a staircase to the Orcish Mines.
 10900 | D:11     | Found Kaczydgh's Antique Armour Emporium.
 10948 | D:11     | Got a distressingly furry helmet
 10958 | D:11     | Identified the +2 helmet of Wotafuep {Int+5} (You found it
                  | on level 11 of the Dungeon)
 11282 | D:11     | Found a burning altar of Makhleb.
 11282 | D:11     | Noticed a white ugly thing
 11283 | D:11     | Found a runed translucent door.
 11283 | D:11     | Found a runed translucent door.
 11283 | D:11     | Noticed an eight-headed hydra
 11298 | D:11     | Killed a white ugly thing
 11337 | D:11     | Noticed a death knight
 11339 | D:11     | Noticed a cyclops
 11344 | D:11     | Noticed a purple ugly thing
 11362 | D:11     | Killed a death knight
 11363 | D:11     | Gained mutation: You heal very quickly. [Vine Stalker
                  | growth]
 11363 | D:11     | Reached XP level 12. HP: 26/63 MP: 11/15
 11496 | D:11     | Identified the +9 dagger of Pain and Death {freeze, Int+4
                  | Stlth+}
 11565 | D:11     | Reached ****** piety under Dithmenos
 11632 | D:11     | Reached skill level 5 in Armour
 11887 | Orc:1    | Entered Level 1 of the Orcish Mines
 12048 | Orc:2    | Entered Level 2 of the Orcish Mines
 12068 | Orc:2    | Noticed a stone giant
 12112 | Orc:2    | Killed a stone giant
 12169 | Orc:2    | Reached skill level 5 in Invocations
 12178 | Orc:2    | Found a staircase to the Elven Halls.
 12468 | Orc:2    | Noticed an orc high priest
 12480 | Orc:2    | Noticed an orc high priest
 12513 | Orc:2    | Noticed an orc high priest
 12857 | Orc:2    | Noticed a soul eater
 12859 | Orc:2    | Found a runed translucent gate.
 12859 | Orc:2    | Found a runed translucent gate.
 12961 | Orc:2    | Killed an orc high priest
 12993 | Orc:2    | HP: 4/96 [ice devil[an orc high priest] (5)]
 12998 | Orc:2    | HP: 1/96 [ice devil[an orc high priest] (5)]
 13001 | Orc:2    | Noticed a sun demon
 13003 | Orc:2    | Mangled by a sun demon

Illustrated notes

Levels and vault maps discovered:
D:1:      minmay_arrival_radiant_lines, layout_rooms, minmay_tromino_v4_c
D:2:      layout_loops_corners
D:3:      layout_loops_ring, chequers_ecumenical_altar_simple,
          uniq_crazy_yiuf_cottage
D:4:      layout_rooms, nemelex_altar_shiori,
          yredelemnul_forgotten_temple_becter, lemuel_temple_firewalk_b,
          gup_ossuary_entry_pyramid, uniq_blork_the_orc, uniq_grinder,
          uniq_edmund
D:5:      layout_loops_ring, gammafunk_ghost_gnarly_gnolls,
          gup_sewer_entry_pipe, basic_altar, lemuel_old_faithful, uniq_menkaure,
          uniq_sigmund, uniq_pikel, uniq_ijyb
D:6:      layout_loops_ring, kennysheep_slug_shrine, old_standard_altar,
          gammafunk_ghost_necromancy, serial_shops, shop, uniq_duvessa
D:7:      layout_cave_pools, chequers_serial_rivers_micro_a, uniq_joseph
D:8:      layout_cave_pods, minmay_lair_entry_grove,
          gammafunk_ghost_berserking_beasts, uniq_grum
D:9:      minmay_evil_eye, layout_irregular_city,
          nicolae_overflow_hidden_temple, lemuel_doored_altar
D:10:     layout_roguey, erik_orc_2, special_room [special_room_orc]
D:11:     minmay_the_grid_triangle_9x9_recursive_3_mashed
          [minmay_the_grid_triangle_9x9_odd_lines,
          minmay_the_grid_triangle_9x9_negative_grid,
          minmay_the_grid_triangle_9x9_empty,
          minmay_the_grid_triangle_9x9_prize_top_heavy,
          minmay_the_grid_triangle_9x9_alien,
          minmay_the_grid_triangle_9x9_shrine,
          minmay_the_grid_triangle_9x9_dagger,
          minmay_the_grid_triangle_9x9_tough_junction,
          minmay_the_grid_triangle_9x9_thin_v], layout_basic, serial_shops, shop
Temple:   nicolae_temple_x_marks_the_god
Orc:1:    layout_diamond_mine
Orc:2:    grunt_orc_tribal_feast, layout_caves, ebering_ghost_rock_garden,
          serial_shops, shop_fountains

Skill      XL: |  1  2  3  4  5  6  7  8  9 10 11 12 |
---------------+-------------------------------------+-----
Stealth        | 5 6 7 8 9 10 11 12 | 12.8
Short Blades   | 2 3 4 5 6 8 9 10 | 10.4
Fighting       | 3 5 7 8 |  8.2
Shields        | 2 5 6 8 |  8.0
Armour         | 2 4 6 |  6.0
Invocations    | 3 5 |  5.8
Throwing       | |  1.7
Dodging        | |  0.7

Action                   |  1- 3 |  4- 6 |  7- 9 | 10-12 || total
-------------------------+-------+-------+-------+-------++-------
Melee: Dagger            |    87 |   154 |   452 |  1158 ||  1851
       Bite              |    27 |    59 |   176 |   416 ||   678
Throw: Dart              |     1 |       |       |     3 ||     4
Invok: Shadow Form       |       |       |       |     2 ||     2
Evoke: Wand              |       |     2 |    11 |    30 ||    43
  Use: Potion            |       |     6 |     2 |     9 ||    17
       Scroll            |       |     2 |       |    18 ||    20
 Stab: Sleeping          |    12 |     4 |    23 |    34 ||    73
       Paralysed         |       |     1 |     3 |     2 ||     6
       Invisible         |       |       |     3 |     6 ||     9
       Distracted        |       |       |       |     3 ||     3
Armor: Robe              |    21 |     2 |       |       ||    23
       Ring mail         |       |    49 |   127 |   125 ||   301
       Leather armour    |       |       |       |   114 ||   114
       Skin              |       |       |       |    20 ||    20
Dodge: Dodged            |    50 |    59 |   178 |   326 ||   613
Block: Kite shield       |       |       |    39 |   490 ||   529

Table legend: (Time is in decaauts)
 A = Elapsed time spent in this place.
 B = Non-inter-level travel time spent in this place.
 C = Inter-level travel time spent in this place.
 D = Time resting spent in this place.
 E = Time spent auto-exploring this place.
 F = Levels seen in this place.
 G = Mean time per level.
                   A        B        C        D        E       F      G
               +--------+--------+--------+--------+--------+-----+--------+
         Total |  12316 |  11858 |    458 |   1202 |   7486 |  16 |  769.8 |
       Dungeon |  10470 |  10031 |    439 |    617 |   6904 |  11 |  951.8 |
        Temple |     28 |     23 |      5 |      0 |      2 |   1 |   28.0 |
  Orcish Mines |   1029 |   1016 |     13 |    282 |    328 |   2 |  514.5 |
         Sewer |    238 |    238 |      0 |      0 |    167 |   1 |  238.0 |
       Ossuary |    549 |    549 |      0 |    303 |     84 |   1 |  549.0 |
               +--------+--------+--------+--------+--------+-----+--------+

Top non-repeatable levels by time:
    D:11: 1349 daAuts
    D:10: 1347 daAuts
     D:2: 984 daAuts
     D:1: 975 daAuts
     D:8: 963 daAuts
     D:4: 878 daAuts
     D:9: 852 daAuts
     D:3: 821 daAuts
     D:7: 817 daAuts
     D:5: 763 daAuts
     D:6: 717 daAuts
   Orc:2: 578 daAuts
 Ossuary: 549 daAuts
   Orc:1: 450 daAuts
   Sewer: 238 daAuts
